 Dungeon Crawl Stone Soup version 0.30-a0-840-ga523dec638 (webtiles) character file.

Game seed: 1637468240210543870

54 Dittersdorf the Shield-Bearer (level 3, -5/24 HPs)
             Began as a Gargoyle Fighter on Mar 1, 2023.
             Killed by divine providence
             ... invoked by an orc priest
              (16 damage)
             ... on level 3 of the Dungeon.
             The game lasted 00:01:39 (1641 turns).

Dittersdorf the Shield-Bearer (Gargoyle Fighter)    Turns: 1641, Time: 00:01:39

Health: -5/24      AC: 10    Str: 21    XL:     3   Next: 91%
Magic:  3/3        EV:  9    Int:  8    God:
Gold:   179        SH:  4    Dex:  9    Spells: 2/2 levels left

rFire   . . .      SeeInvis .    a - +0 flail
rCold   . . .      Faith    .    c - +0 buckler
rNeg    + . .      Spirit   .    b - +0 scale mail
rPois   ∞          Reflect  .    (no helmet)
rElec   +          Harm     .    (no cloak)
rCorr   .          Rampage  .    (no gloves)
Will    .....                    (no boots) Stlth
                                 o - amulet of magic regeneration
HPRegen 0.24/turn                (no ring)
MPRegen 0.48/turn                (no ring)

@: no status effects
A: sickness immunity, AC +3, negative energy resistance 1, electricity
resistance, torment resistance 1, petrification resistance
a: no special abilities


You were on level 3 of the Dungeon.
You visited 1 branch of the dungeon, and saw 3 of its levels.

You collected 179 gold pieces.

Inventory:

Hand Weapons
 a - a +0 flail (weapon)
Armour
 b - a +0 scale mail (worn)
 c - a +0 buckler (worn)
 i - a +0 plate armour
Jewellery
 o - an amulet of magic regeneration (around neck)
 r - a +4 ring of slaying
 t - a +6 ring of dexterity
Scrolls
 e - 3 scrolls of identify {unknown}
 f - a scroll of immolation {unknown}
 g - a scroll of teleportation {unknown}
 k - a scroll of magic mapping {unknown}
 q - a scroll of silence {unknown}
 s - a scroll of acquirement {unknown}
Potions
 d - 3 potions of might
 h - a potion of resistance {unknown}
 j - a potion of curing {unknown}
 l - a potion of berserk rage {unknown}
 m - 2 potions of haste {unknown}
 n - a potion of mutation {unknown}
 p - a potion of flight {unknown}


   Skills:
 + Level 3.8 Fighting
 + Level 2.6 Maces & Flails
 + Level 3.8 Armour
 + Level 3.8 Shields


You had 2 spell levels left.
You didn't know any spells.
Your spell library contained the following spells:

 Spells                   Type           Power      Damage    Failure   Level
 Magic Dart               Conj           0%         1d3       83%         1
 Searing Ray              Conj           0%         2d4       92%         2
 Fulminant Prism          Conj/Hex       0%         3d5       100%        4


Dungeon Overview and Level Annotations

Branches:
Dungeon (3/15)

Altars:
Zin


Innate Abilities, Weirdness & Mutations

You are immune to sickness and miasma.
Your stone body is resilient. (AC +3)
You are immune to poison.
You resist negative energy. (rN+)
You are resistant to electric shocks. (rElec)
You are resistant to unholy torment.
You are immune to petrification.


Message History

The orc priest is heavily wounded.
The orc hits you but does no damage. You block the orc priest's attack.
The orc hits you but does no damage.
You hit the orc priest.
The orc priest is heavily wounded.
The orc hits you but does no damage.
The orc priest hits you but does no damage.
The orc barely misses you. The orc completely misses you.
The orc priest misses you. The orc hits you with a +0 short sword.
You hit the orc priest.
The orc priest is heavily wounded.
The orc hits you but does no damage. You block the orc priest's attack.
The orc hits you but does no damage.
You hit the orc priest.
The orc priest is severely wounded.
The orc hits you with a +0 short sword.
The orc priest hits you but does no damage.
The orc hits you but does no damage.
You are too injured to fight recklessly!
You are too injured to fight recklessly!
You are too injured to fight recklessly!
You are too injured to fight recklessly!
You are too injured to fight recklessly!
You are too injured to fight recklessly!
You are too injured to fight recklessly!
You are too injured to fight recklessly!
You are too injured to fight recklessly!
You are too injured to fight recklessly!
You are too injured to fight recklessly!
You are too injured to fight recklessly!
You are too injured to fight recklessly!
You are too injured to fight recklessly!
You are too injured to fight recklessly!
You closely miss the orc priest.
The orc priest is severely wounded.
The orc closely misses you.
The orc priest mumbles some strange prayers to Beogh against you.
Beogh smites you!
Ouch! That really hurt!
You die...

# # # + ..# # ..#
##########..# ###
.............
..### ##....)#..#
#####o...#
#.##..#..#
#...@oo..#
##.##..#..#
#...#oo..#
#.........#
#..###...#
..........###...#
...:#
......###...#..##
.#.# .#.#..#
#.#...## .. #
.#....# #.##...#
.. #.#.##
#.##..## ... #.#.
#.#..##


You could see an orc priest and 4 orcs.

Vanquished Creatures
  An adder (D:2)
  3 dart slugs
  4 endoplasms
  A giant cockroach (D:3)
  6 hobgoblins
  A quokka (D:2)
  2 ball pythons (D:2)
  3 bats
  5 frilled lizards
  5 goblins
  3 kobolds
  6 rats
40 creatures vanquished.

Notes
Turn   | Place    | Note
-------+----------+-------------------------------------------
     0 | D:1      | Dittersdorf the Gargoyle Fighter began the quest for the
                  | Orb.
     0 | D:1      | Reached XP level 1. HP: 14/14 MP: 1/1
   136 | D:1      | Reached XP level 2. HP: 18/19 MP: 2/2
   721 | D:2      | Reached XP level 3. HP: 23/23 MP: 3/3
   874 | D:2      | Found a faded altar of an unknown god.
  1168 | D:2      | Found a glowing silver altar of Zin.
  1641 | D:3      | Killed from afar by an orc priest

Illustrated notes

Levels and vault maps discovered:
D:1:      nzn_arrival_water_spiral, layout_loops_ring
D:2:      minmay_door_path, layout_basic, nicolae_ecumenical_snake_handling,
          basic_altar, wander_ebering_terrifying_dragon_lair
D:3:      layout_loops_ring, nemelex_dance_club_becter,
          mainiacjoe_overflow_brackets, minivault_25, serial_park_tiny_1,
          minmay_misc_feat_cross, grunt_ministairs_15,
          nicolae_figureground_pulse

Action                     || total
---------------------------++-------
  Melee: Flail             ||   144
 Armour: Scale mail        ||    86
  Dodge: Dodged            ||    68
  Block: Buckler           ||    34

Table legend: (Time is in decaauts)
 A = Elapsed time spent in this place.
 B = Non-inter-level travel time spent in this place.
 C = Inter-level travel time spent in this place.
 D = Time resting spent in this place.
 E = Time spent auto-exploring this place.
 F = Levels seen in this place.
 G = Mean time per level.
                   A        B        C        D        E       F      G
               +--------+--------+--------+--------+--------+-----+--------+
         Total |   1692 |   1632 |     60 |     55 |   1250 |   3 |  564.0 |
       Dungeon |   1692 |   1632 |     60 |     55 |   1250 |   3 |  564.0 |
               +--------+--------+--------+--------+--------+-----+--------+

Top non-repeatable levels by time:
     D:2: 818 daAuts
     D:1: 688 daAuts
     D:3: 184 daAuts
